 Dungeon Crawl Stone Soup version 0.30-a0-743-gbfdf073431 (webtiles) character file.

Game seed: 3242654240741207023

7539 Darius099 the Severer (level 10, -4/84 HPs)
             Began as a Minotaur Fighter on Feb 7, 2023.
             Was an Initiate of Okawaru.
             Slain by a thrashing horror (16 damage)
             ... on level 1 of the Abyss on Feb 8, 2023.
             The game lasted 00:24:56 (9276 turns).

Darius099 the Severer (Minotaur Fighter)            Turns: 9276, Time: 00:24:57

Health: -4/84      AC: 24    Str: 31    XL:     10   Next: 96%
Magic:  9/9        EV:  5    Int:  5    God:    Okawaru [......]
Gold:   675        SH:  5    Dex: 10    Spells: 9/9 levels left

rFire   + . .      SeeInvis .    a - +0 war axe
rCold   + . .      Faith    .    c - +0 buckler
rNeg    . . .      Spirit   .    k - +0 gold dragon scales "Nogiw" {rPois rF+ rC+ Stlth+}
rPois   +          Reflect  .    (helmet restricted)
rElec   .          Harm     .    C - +0 cloak
rCorr   .          Rampage  +    (no gloves)
Will    .....                    R - +2 pair of boots {rampage} Stlth
                                 (no amulet)
HPRegen 0.34/turn                H - +4 ring of protection
MPRegen 0.11/turn                p - +6 ring of strength

@: no status effects
A: horns 2, retaliatory headbutt
a: Renounce Religion


You were on level 1 of the Abyss.
You worshipped Okawaru.
Okawaru was noncommittal.
You visited 2 branches of the dungeon, and saw 10 of its levels.
You visited the Abyss 1 time.
You also visited: Bailey.

You collected 675 gold pieces.

Inventory:

Hand Weapons
 a - a +0 war axe (weapon)
Missiles
 g - 6 throwing nets
 l - 79 stones (quivered)
 O - 3 boomerangs
Armour
 c - a +0 buckler (worn)
 j - a +2 pair of boots
 k - the +0 gold dragon scales "Nogiw" (worn) {rPois rF+ rC+ Stlth+}
   (You found it in a bailey)

   rF:        It protects you from fire.
   rC:        It protects you from cold.
   rPois:     It protects you from poison.
   Stlth:     It makes you more stealthy.
 u - a +1 scale mail of cold resistance
 C - a +0 cloak (worn)
 J - a +0 plate armour
 R - a +2 pair of boots of rampaging (worn)
Jewellery
 i - a ring of fire
 m - a ring of flight
 n - a ring of magical power
 p - a +6 ring of strength (right hand)
 v - an amulet of reflection
 w - a +6 ring of dexterity
 H - a +4 ring of protection (left hand)
Wands
 y - a wand of acid (10)
 G - a wand of iceblast (20)
 I - a wand of flame (16)
 K - a wand of paralysis (6)
Scrolls
 b - a scroll of torment {unknown}
 f - 2 scrolls of blinking {unknown}
 h - 3 scrolls of teleportation {unknown}
 o - a scroll of magic mapping {unknown}
 q - 2 scrolls of amnesia {unknown}
 r - a scroll of silence {unknown}
 s - a scroll of immolation {unknown}
 x - 2 scrolls of enchant armour {unknown}
 A - a scroll of poison {unknown}
 P - a scroll of acquirement {unknown}
Potions
 d - 3 potions of might
 e - a potion of heal wounds {unknown}
 t - 2 potions of mutation {unknown}
 z - 3 potions of brilliance
 B - 2 potions of flight {unknown}
 D - 5 potions of curing
 E - a potion of lignification
 F - a potion of haste
 L - a potion of invisibility
 N - a potion of magic
 Q - 2 potions of ambrosia
Miscellaneous
 M - a tin of tremorstones (2/2)
 S - a piece from Xom's chessboard (15/15)


   Skills:
 + Level 6.6 Fighting
 - Level 16.0 Axes
 + Level 4.1 Throwing
 + Level 6.6 Armour
 + Level 6.6 Shields
 + Level 3.7 Evocations


You had 9 spell levels left.
You didn't know any spells.
Your spell library contained the following spells:

 Spells                   Type           Power      Damage    Failure   Level
 Apportation              Tloc           0%         N/A       100%        1
 Slow                     Hex            0%         N/A       100%        1
 Ensorcelled Hibernation  Hex/Ice        0%         N/A       100%        2
 Confusing Touch          Hex            0%         N/A       100%        3
 Inner Flame              Hex/Fire       0%         N/A       100%        3
 Spider Form              Tmut/Pois      0%         N/A       100%        3
 Vampiric Draining        Necr           0%         2d6       100%        3
 Anguish                  Hex/Necr       0%         N/A       100%        4
 Flame Wave               Conj/Fire      0%         2d4       100%        4
 Sticky Flame             Conj/Fire      0%         2d3       100%        4
 Alistair's Intoxication  Tmut/Pois      0%         N/A       100%        5


Dungeon Overview and Level Annotations

Branches:
Dungeon (9/15)             Temple (1/1) D:4          Bailey (visited)
   Lair: D:8-11         Orc: D:9-12

Altars:
Ashenzari
Cheibriados
Dithmenos
Elyvilon
Fedhas
Hepliaklqana
Kikubaaqudgha
Makhleb
Nemelex Xobeh
Okawaru
Qazlal
Ru
Sif Muna
Trog
Uskayaw
Wu Jian
Xom
Yredelemnul
Zin
The Shining One

Shops:
D:5 *[

Annotations:
D:9 Psyche


Innate Abilities, Weirdness & Mutations

You have a pair of horns on your head.
You reflexively headbutt those who attack you in melee.


Message History

The thrashing horror seems to grow stronger.
You slash the smoke demon!
You headbutt the smoke demon, but do no damage.
The smoke demon is almost dead.
You are covered in liquid flames!
The smoke demon gestures at you. Something smites you!
You block the thrashing horror's attack.
The thrashing horror tramples you!
You hold your ground!
You closely miss the smoke demon.
The smoke demon is almost dead.
You barely miss the thrashing horror.
You are covered in liquid flames!
The thrashing horror tramples you!
You stumble backwards!
The smoke demon barely misses you.
The smoke demon hits you but does no damage.
You block the smoke demon's attack.
You barely miss the thrashing horror.
Your headbutt misses the thrashing horror.
The thrashing horror is severely damaged.
You closely miss the smoke demon.
You block the thrashing horror's attack. x2
The smoke demon hits you but does no damage. x3
You slash the smoke demon!
You kill the smoke demon!
Okawaru accepts your kill.
You closely miss the thrashing horror. The thrashing horror tramples you!
* * * LOW HITPOINT WARNING * * *
You stumble backwards!
The thrashing horror tramples you!
* * * LOW HITPOINT WARNING * * *
You hold your ground!
The thrashing horror tramples you but does no damage.
You feel better.
You block the thrashing horror's attack.
The thrashing horror tramples you but does no damage.
The ufetubus hits you but does no damage. x2
You completely miss the thrashing horror.
The thrashing horror is severely damaged.
You closely miss the ufetubus. The thrashing horror tramples you!
You die...

...#....
............ .
..>......♣ . ......
....♣ #.. #.....
...♣♣#.. ...###...
##...♣.# ....#
....#.....## .
...........X@...#..
............5.....>.
.............####.
..#.....#.........
##...###...##...
#.... #.......#.# .
. .............# .
.... ....X......##..
................ #


You could see a thrashing horror (strong) and an ufetubus.

Vanquished Creatures
  A two-headed ogre (D:8)
  Pikel (D:7)
  Maggie (D:7)
  A smoke demon (Abyss:1)
  A small abomination (Abyss:1)
  A wyvern (D:7)
  A steam dragon (D:8)
  5 yaks (D:8)
  Grum (D:5)
  Menkaure (D:6)
  Edmund (D:4)
  2 water moccasins (D:7)
  A black bear (D:7)
  10 orc warriors
  3 ogres (D:5)
  A wolf (D:5)
  A centaur (D:7)
  A phantom (D:4)
  3 kobold brigands
  2 bullfrogs
  3 gnoll sergeants
  5 scorpions
  12 killer bees
  13 hounds
  A jelly (D:5)
  3 gnoll boudas
  3 orc priests
  Crazy Yiuf (D:4)
  Ijyb (D:4)
  4 iguanas
  3 orc wizards (D:8)
  Terence (D:2)
  36 gnolls
  7 adders
  A white imp (D:6)
  An ufetubus (D:6)
  2 worms (D:2)
  A dart slug (D:2)
  28 orcs
  6 ball pythons
  3 bats
  5 endoplasms
  6 giant cockroaches
  11 goblins
  8 hobgoblins
  5 jackals
  20 kobolds
  4 quokkas
  3 frilled lizards
  5 rats
241 creatures vanquished.

Notes
Turn   | Place    | Note
-------+----------+-------------------------------------------
     0 | D:1      | Darius099 the Minotaur Fighter began the quest for the Orb.
     0 | D:1      | Reached XP level 1. HP: 19/19 MP: 0/0
    95 | D:1      | Reached XP level 2. HP: 27/27 MP: 1/1
   183 | D:1      | Found a faded altar of an unknown god.
   383 | D:1      | Reached skill level 3 in Axes
   405 | D:1      | Reached XP level 3. HP: 32/33 MP: 2/2
  1093 | D:2      | Noticed Terence
  1099 | D:2      | Killed Terence
  1100 | D:2      | Reached skill level 4 in Axes
  1100 | D:2      | Reached XP level 4. HP: 38/40 MP: 3/3
  2321 | D:3      | Reached skill level 5 in Axes
  2539 | D:4      | Found a staircase to the Ecumenical Temple.
  2552 | D:4      | Noticed a phantom
  2567 | D:4      | Killed a phantom
  2568 | D:4      | Reached skill level 6 in Axes
  2568 | D:4      | Reached XP level 5. HP: 46/46 MP: 4/4
  2581 | Temple   | Entered the Ecumenical Temple
  2768 | D:4      | Noticed Edmund
  2793 | D:4      | Killed Edmund
  2794 | D:4      | Reached skill level 7 in Axes
  2794 | D:4      | Reached XP level 6. HP: 43/52 MP: 5/5
  3001 | D:4      | Noticed Ijyb
  3016 | D:4      | Killed Ijyb
  3504 | D:4      | Found a runed translucent door.
  3505 | D:4      | Noticed Crazy Yiuf
  3510 | D:4      | Killed Crazy Yiuf
  3511 | D:4      | Reached skill level 8 in Axes
  3804 | D:5      | Entered Level 5 of the Dungeon
  3836 | D:5      | Reached XP level 7. HP: 18/59 MP: 6/6
  4089 | D:5      | Reached skill level 9 in Axes
  4351 | D:5      | Found Keumema's Antique Armour Shoppe.
  4357 | D:5      | Reached skill level 10 in Axes
  4530 | D:5      | Reached XP level 8. HP: 62/66 MP: 7/7
  4563 | D:5      | Reached skill level 11 in Axes
  4676 | D:5      | Noticed Grum
  4680 | D:5      | Killed Grum
  4710 | D:5      | Reached skill level 12 in Axes
  4961 | D:5      | Reached skill level 13 in Axes
  5259 | D:5      | Found Efies's Assorted Antiques.
  5334 | D:5      | Found a burning altar of Makhleb.
  5335 | D:5      | Found a white marble altar of Elyvilon.
  5336 | D:5      | Found a basalt altar of Yredelemnul.
  5491 | D:6      | Reached XP level 9. HP: 71/71 MP: 8/8
  5496 | D:6      | Noticed Menkaure
  5513 | D:6      | Killed Menkaure
  5514 | D:6      | Reached skill level 14 in Axes
  5736 | D:6      | Identified the +4 flail of Fatigue {heavy, rC+++ Str-4
                  | Int+3}
  6624 | D:6      | Reached skill level 15 in Axes
  6771 | D:7      | Noticed Maggie
  6795 | D:7      | Paralysed by something for 2 turns
  6804 | D:7      | Killed Maggie
  6902 | D:7      | Reached skill level 16 in Axes
  6905 | D:7      | Noticed Pikel
  6914 | D:7      | Killed Pikel
  6915 | D:7      | Reached skill level 1 in Throwing
  6915 | D:7      | Reached skill level 1 in Evocations
  7106 | D:7      | Reached XP level 10. HP: 80/80 MP: 9/9
  7785 | D:8      | Reached skill level 5 in Fighting
  7785 | D:8      | Reached skill level 5 in Armour
  7785 | D:8      | Reached skill level 5 in Shields
  7914 | D:8      | Noticed a two-headed ogre
  7925 | D:8      | Killed a two-headed ogre
  8240 | D:8      | Found a flagged portal.
  8351 | Bailey   | Entered a bailey
  8732 | Bailey   | Identified the +0 gold dragon scales "Nogiw" {rPois rF+ rC+
                  | Stlth+}
  9012 | D:8      | Found an ancient bone altar of Kikubaaqudgha.
  9015 | D:8      | Found an ornate altar of the Wu Jian Council.
  9022 | D:8      | Found a shadowy altar of Dithmenos.
  9025 | D:8      | Found a hazy altar of Hepliaklqana.
  9032 | D:8      | Found a snail-covered altar of Cheibriados.
  9035 | D:8      | Found an iron altar of Okawaru.
  9062 | D:8      | Became a worshipper of Warmaster Okawaru
  9188 | D:9      | Noticed Psyche
  9200 | Abyss:1  | Cast into level 1 of the Abyss (Psyche)
  9249 | Abyss:1  | Noticed a smoke demon
  9256 | Abyss:1  | Noticed a thrashing horror
  9261 | Abyss:1  | Noticed an orange demon
  9274 | Abyss:1  | Killed a smoke demon
  9274 | Abyss:1  | HP: 3/84 [thrashing horror (11)]
  9276 | Abyss:1  | Slain by a thrashing horror

Illustrated notes

Levels and vault maps discovered:
D:1:      saegor_arrival_simple_c, layout_rooms, ebering_ecumenical_altar_rust,
          minmay_parallelograms, skrybe_limestone_x
D:2:      layout_loops_ring, minmay_goblin_outpost, uniq_terence
D:3:      layout_loops_corners
D:4:      layout_cave_pods, temple_statues, uniq_edmund, uniq_ijyb,
          uniq_crazy_yiuf_cottage
D:5:      layout_cave_pools, chequers_temple_overflow_statue_of_worship,
          serial_gnoll_camp, gnoll_camp_mini_shop, gnoll_camp_mini_basic,
          grums_kennel, gnoll_camp_mini_hut, gnoll_camp_mini_hut,
          gnoll_camp_huts_moat, serial_shops, shop_coins, minmay_holes
D:6:      layout_loops_ring, uniq_menkaure
D:7:      layout_loops_ring, uniq_pikel, uniq_maggie
D:8:      layout_loops_ring, nicolae_overflow_hallway_of_the_gods,
          enter_bailey_6
D:9:      layout_long_grid, mainiacjoe_overflow_surrounded_room, uniq_grum,
          uniq_psyche
Temple:   nicolae_temple_bog_church
Abyss:1:  base:
Temple

Skill      XL: |  1  2  3  4  5  6  7  8  9 10 |
---------------+-------------------------------+-----
Fighting       | 4 6 |  6.6
Shields        | 4 6 |  6.6
Armour         | 4 6 |  6.6
Axes           | 3 4 6 7 8 10 13 16 | 16.0
Throwing       | 1 4 |  4.1
Evocations     | 1 3 |  3.7

Action                     |  1- 3 |  4- 6 |  7- 9 | 10-12 || total
---------------------------+-------+-------+-------+-------++-------
  Melee: War axe           |    67 |    95 |   311 |   193 ||   666
         Headbutt          |    12 |    17 |    60 |    30 ||   119
  Throw: Stone             |     5 |       |    27 |     1 ||    33
    Use: Potion            |       |       |     1 |     1 ||     2
         Scroll            |       |       |     1 |     7 ||     8
 Armour: Scale mail        |    32 |    40 |   111 |       ||   183
         Plate armour      |       |       |    42 |    73 ||   115
         Gold dragon scale |       |       |       |    37 ||    37
  Dodge: Dodged            |    31 |    39 |   134 |    62 ||   266
  Block: Buckler           |    15 |    24 |    76 |    58 ||   173

Table legend: (Time is in decaauts)
 A = Elapsed time spent in this place.
 B = Non-inter-level travel time spent in this place.
 C = Inter-level travel time spent in this place.
 D = Time resting spent in this place.
 E = Time spent auto-exploring this place.
 F = Levels seen in this place.
 G = Mean time per level.
                   A        B        C        D        E       F      G
               +--------+--------+--------+--------+--------+-----+--------+
         Total |   9258 |   9005 |    253 |   1624 |   4953 |  12 |  771.5 |
       Dungeon |   8557 |   8304 |    253 |   1575 |   4629 |   9 |  950.8 |
        Temple |    188 |    188 |      0 |      0 |    174 |   1 |  188.0 |
         Abyss |     73 |     73 |      0 |      0 |      0 |   1 |   73.0 |
        Bailey |    438 |    438 |      0 |     49 |    150 |   1 |  438.0 |
               +--------+--------+--------+--------+--------+-----+--------+

Top non-repeatable levels by time:
     D:5: 1576 daAuts
     D:4: 1416 daAuts
     D:7: 1064 daAuts
     D:6: 1042 daAuts
     D:3: 917 daAuts
     D:8: 882 daAuts
     D:2: 851 daAuts
     D:1: 739 daAuts
  Bailey: 438 daAuts
  Temple: 188 daAuts
 Abyss:1: 73 daAuts
     D:9: 66 daAuts
